 Dungeon Crawl Stone Soup version 0.28-a0-1213-g0243856f03 (webtiles) character file.

Game seed: 8422297450386052156

4010 vineage the Fighter (level 10, 0/102 HPs)
             Began as a Minotaur Fighter on Dec 21, 2021.
             Was a Believer of Okawaru.
             Slain by a yak (10 damage)
             ... on level 8 of the Dungeon.
             The game lasted 00:09:42 (10089 turns).

vineage the Fighter (Minotaur Fighter)             Turns: 10089, Time: 00:09:43

Health: 0/102      AC:  9    Str: 22    XL:     10   Next: 3%
Magic:  9/9        EV: 13    Int:  7    God:    Okawaru [**....]
Gold:   534        SH:  8    Dex: 13    Spells: 9/9 levels left

rFire   + . .      SeeInvis .   l - +3 whip (elec)
rCold   + . .      Faith    .   c - +1 buckler
rNeg    + . .      Spirit   .   x - +0 ring mail {rF+}
rPois   .          Reflect  .   (helmet restricted)
rElec   .          Harm     .   (no cloak)
rCorr   .          Rampage  .   (no gloves)
Will    .....                   f - +0 pair of boots
Stlth   ++........              G - amulet of magic regeneration
HPRegen 0.27/turn               i - ring of positive energy
MPRegen 0.51/turn               n - ring of protection from cold

@: heroic
A: horns 2, retaliatory headbutt, clever 1
a: Renounce Religion, Heroism


You were on level 8 of the Dungeon.
You worshipped Okawaru.
Okawaru was pleased with you.
You visited 2 branches of the dungeon, and saw 9 of its levels.
You also visited: Sewer.

You collected 534 gold pieces.

Inventory:

Hand Weapons
 a - a +0 long sword of freezing
 l - a +3 whip of electrocution (weapon)
Missiles
 F - 2 throwing nets (quivered)
Armour
 c - a +1 buckler (worn)
 f - a +0 pair of boots (worn)
 x - a +0 ring mail of fire resistance (worn)
Jewellery
 i - a ring of positive energy (left hand)
 n - a ring of protection from cold (right hand)
 G - an amulet of magic regeneration (around neck)
Wands
 e - a wand of flame (16)
 m - a wand of iceblast (12)
 o - a wand of paralysis (3)
Scrolls
 g - a scroll of fog
 h - 5 scrolls of magic mapping
 q - 2 scrolls of identify
 v - 2 scrolls of enchant armour
 w - 4 scrolls of teleportation
 y - a scroll of brand weapon
 B - a scroll of blinking
 C - 3 scrolls of fear
 E - a scroll of amnesia {unknown}
Potions
 b - a potion of lignification
 j - 2 potions of haste
 k - 4 potions of cancellation
 p - a potion of ambrosia {unknown}
 r - a potion of heal wounds
 s - 2 potions of magic {unknown}
 t - a potion of experience {unknown}
 u - a potion of degeneration {unknown}
 z - 2 potions of might
 A - a potion of invisibility {unknown}
 D - 2 potions of attraction {unknown}
 H - a potion of brilliance {unknown}


   Skills:
 + Level 13.7(18.7) Fighting
 - Level 2.4(7.4) Long Blades
 + Level 6.0(11.0) Maces & Flails
 + Level 7.3(12.3) Armour
 + Level 7.3(12.3) Shields


You had 9 spell levels left.
You didn't know any spells.
Your spell library contained the following spells:

 Spells                   Type           Power      Damage    Failure   Level
 Passage of Golubria      Tloc           0%         N/A       100%        4
 Yara's Violent Unravell  Hex/Tmut       0%         3d3       100%        5
 Tukima's Dance           Hex            Unusable   N/A       N/A         3

Dungeon Overview and Level Annotations

Branches:
Dungeon (8/15)             Temple (1/1) D:7           Sewer (visited)
   Lair: D:8-11

Altars:
Ashenzari
Cheibriados
Dithmenos
Elyvilon
Fedhas
Gozag
Hepliaklqana
Kikubaaqudgha
Nemelex Xobeh
Okawaru
Qazlal
Ru
Sif Muna
Trog
Uskayaw
Vehumet
Wu Jian
Xom
Yredelemnul
Zin
The Shining One

Shops:
D:7 (


Innate Abilities, Weirdness & Mutations

You have a pair of horns on your head.
You reflexively headbutt those who attack you in melee.
Your mind is acute. (Int +2)


Message History

You block the yak's attack.
You whack the yak! You headbutt the yak!
The yak is heavily wounded.
The yak closely misses you.
You hit the yak but do no damage.
The yak is heavily wounded.
The yak barely misses you.
Your ring mail prevents you from hitting the yak.
The yak is heavily wounded.
You hit the yak. You headbutt the yak, but do no damage.
The yak is heavily wounded.
The yak misses you.
You hit the yak.
The yak is severely wounded.
You hit the yak.
The yak is almost dead.
The yak gores you.
* * * LOW HITPOINT WARNING * * *
You hit the yak. Lightning courses through the yak!
You kill the yak!
Okawaru accepts your kill.
Your base Maces & Flails skill increases to level 6!
You have reached level 10!
You barely miss the yak. Your headbutt misses the yak. The yak gores you.
* * * LOW HITPOINT WARNING * * *
You closely miss the yak. You barely miss the yak.
The yak completely misses you. You furiously retaliate!
You headbutt the yak! You hit the yak.
The yak is heavily wounded.
You barely miss the yak.
The yak is heavily wounded.
The yak gores you!
* * * LOW HITPOINT WARNING * * *
You hit the yak. You headbutt the yak!
The yak is severely wounded.
You completely miss the yak.
The yak is severely wounded.
The yak gores you!
You die...

### #. ########## ..#
#S #........# ..# #..
#.######.# ..# #..
#.# #.# ### ... #.#
#.# ..###.###
#.######.# ........#
#.#......#
........####.#.######
........††Y@.#.#
<.......######.#
........##...#.#####
..########.#.#.....#
. #.#.#####.# #.#.#
#.# #.#.#####.#
#.#.#.....#
#####.#.#.#####


You could see a yak.

Vanquished Creatures
  Pikel (D:5)
  3 yaks (D:8)
  A wyvern (D:8)
  A wraith (D:7)
  A hornet zombie (D:8)
  2 sky beasts
  An ice beast (D:7)
  2 necrophages
  3 ogres
  2 phantoms
  6 bullfrogs
  2 scorpions (D:6)
  A water moccasin zombie (D:6)
  4 killer bees (D:8)
  A howler monkey (D:7)
  2 centaur zombies
  3 gnoll shamans
  A jelly (D:5)
  2 orc priests
  A hound (D:3)
  3 centaur skeletons
  2 bullfrog skeletons (D:5)
  4 iguanas
  4 orc wizards
  2 killer bee zombies
  A hound skeleton (D:4)
  20 gnolls
  11 adders
  5 river rats
  2 white imps
  2 ufetubi
  An adder skeleton (D:4)
  2 worms
  A dart slug (D:5)
  23 orcs
  15 ball pythons
  7 endoplasms
  2 giant cockroaches (D:3)
  6 goblins
  12 hobgoblins
  4 jackals (D:3)
  3 quokkas
  7 bats
  10 frilled lizards
  8 kobolds
  26 rats
223 creatures vanquished.

Notes
Turn   | Place    | Note
-------+----------+-------------------------------------------
     0 | D:1      | vineage the Minotaur Fighter began the quest for the Orb.
     0 | D:1      | Reached XP level 1. HP: 19/19 MP: 0/0
    87 | D:1      | Reached skill level 4 in Fighting
   210 | D:1      | Found a faded altar of an unknown god.
   261 | D:1      | Reached XP level 2. HP: 28/28 MP: 1/1
   952 | D:2      | Reached skill level 5 in Fighting
  1067 | D:2      | Reached XP level 3. HP: 35/36 MP: 2/2
  1753 | D:3      | Noticed a sky beast
  1771 | D:2      | Killed a sky beast
  1772 | D:2      | Reached skill level 7 in Fighting
  1772 | D:2      | Reached XP level 4. HP: 27/47 MP: 3/3
  1772 | D:2      | Reached XP level 5. HP: 29/52 MP: 4/4
  3295 | D:4      | Noticed an ogre
  3295 | D:4      | Noticed an ogre
  3345 | D:4      | Noticed a necrophage
  3366 | D:3      | Killed a necrophage
  3367 | D:3      | Reached skill level 8 in Fighting
  3367 | D:3      | Reached XP level 6. HP: 35/62 MP: 5/5
  3553 | D:4      | Reached skill level 9 in Fighting
  3797 | D:4      | Reached XP level 7. HP: 64/71 MP: 6/6
  3800 | D:4      | Reached skill level 10 in Fighting
  3988 | D:4      | Gained mutation: Your mind is acute. (Int +2) [potion of
                  | mutation]
  3992 | D:4      | HP: 5/109 [poisoned by an orc]
  5135 | D:5      | Entered Level 5 of the Dungeon
  5400 | D:5      | Reached skill level 11 in Fighting
  5450 | D:5      | Noticed Pikel
  5467 | D:5      | Killed Pikel
  5468 | D:5      | Reached skill level 12 in Fighting
  5468 | D:5      | Reached XP level 8. HP: 22/84 MP: 7/7
  6226 | D:5      | Reached skill level 1 in Maces & Flails
  6720 | D:6      | Found a glowing drain.
  6737 | Sewer    | Entered a sewer
  7142 | Sewer    | Reached skill level 5 in Armour
  7146 | Sewer    | Reached skill level 5 in Shields
  7384 | D:6      | Reached XP level 9. HP: 92/92 MP: 8/8
  7729 | D:7      | Found Tojaik's Weapon Emporium.
  7764 | D:7      | Found a staircase to the Ecumenical Temple.
  7790 | D:7      | Reached skill level 13 in Fighting
  7810 | Temple   | Entered the Ecumenical Temple
  7967 | Temple   | Became a worshipper of Warmaster Okawaru
  8941 | D:7      | Reached * piety under Okawaru
  9340 | D:8      | Reached skill level 5 in Maces & Flails
  9782 | D:8      | Found an ornate altar of the Wu Jian Council.
 10056 | D:8      | HP: 2/93 [yak (12)]
 10065 | D:8      | Reached ** piety under Okawaru
 10083 | D:8      | Reached XP level 10. HP: 23/102 MP: 9/9
 10089 | D:8      | Slain by a yak

Illustrated notes

Levels and vault maps discovered:
D:1:      saegor_arrival_simple_e, layout_basic,
          dreamdust_ecumenical_altar_grove
D:2:      layout_loops_ring
D:3:      layout_basic, grunt_ministairs_7
D:4:      layout_rooms
D:5:      cheibrodos_helix_gallery, layout_basic, uniq_pikel
D:6:      layout_basic, portal_sewer_entry_a
D:7:      layout_loops_ring, temple_statues, serial_shops, nicolae_shop_crystal,
          hangedman_abyss_or_decor_stagger, minmay_increasing_density
D:8:      layout_basic, kennysheep_mini_moat
Temple:   regret_index_temple_chain_breaker

Skill      XL: |  1  2  3  4  5  6  7  8  9 |
---------------+----------------------------+-----
Fighting       | 4 5 7 8 9 12 13 | 13.7
Maces & Flails | 3 6 |  6.0
Armour         | 5 7 |  7.3
Shields        | 5 7 |  7.3
Long Blades    | |  2.4

Action                   |  1- 3 |  4- 6 |  7- 9 | 10-12 || total
-------------------------+-------+-------+-------+-------++-------
Melee: Long sword        |    89 |    91 |    66 |       ||   246
       Headbutt          |     8 |    17 |    85 |     1 ||   111
       Whip              |       |       |   356 |     7 ||   363
Invok: Heroism           |       |       |     2 |       ||     2
  Use: Scroll            |     4 |     8 |     3 |       ||    15
       Potion            |     1 |       |     6 |       ||     7
 Stab: Distracted        |       |     1 |       |       ||     1
Armor: Scale mail        |    50 |    29 |   163 |       ||   242
       Ring mail         |       |       |    52 |       ||    52
Dodge: Dodged            |    43 |    53 |   218 |     1 ||   315
Block: Buckler           |    18 |    31 |   135 |       ||   184

Table legend: (Time is in decaauts)
 A = Elapsed time spent in this place.
 B = Non-inter-level travel time spent in this place.
 C = Inter-level travel time spent in this place.
 D = Time resting spent in this place.
 E = Time spent auto-exploring this place.
 F = Levels seen in this place.
 G = Mean time per level.
                   A        B        C        D        E       F      G
               +--------+--------+--------+--------+--------+-----+--------+
         Total |  10184 |   9811 |    373 |   1216 |   7227 |  10 | 1018.4 |
       Dungeon |   9356 |   9027 |    329 |   1189 |   6651 |   8 | 1169.5 |
        Temple |    172 |    128 |     44 |      0 |    109 |   1 |  172.0 |
         Sewer |    654 |    654 |      0 |     27 |    467 |   1 |  654.0 |
               +--------+--------+--------+--------+--------+-----+--------+

Top non-repeatable levels by time:
     D:3: 2389 daAuts
     D:7: 1435 daAuts
     D:5: 1206 daAuts
     D:4: 1041 daAuts
     D:2: 892 daAuts
     D:1: 880 daAuts
     D:8: 764 daAuts
     D:6: 745 daAuts
   Sewer: 654 daAuts
  Temple: 172 daAuts
